Map: Acid Plant LE

Players

ShaDoWn

  • Race: Protoss Protoss
  • Spawn Location: 11:00

Bly - Winner!

  • Race: Zerg Zerg
  • Spawn Location: 5:00

Event: WCS Valencia 2018

VOD

Have the link to the VOD?

Description

Time

  • Played on: July 12, 2018, 1:20 p.m.
  • Length: 9:25

All games in this series

Show
View Real Time Build Order
Export as new Build Order

ShaDoWn Protoss 

Build Orders: Phoenix Opening 

Get SALT Encoding   

  12  0:00  Probe  
  13  0:12  Probe  
  14  0:20  Pylon  
  14  0:24  Probe  
  15  0:35  Probe  
  15  0:38  Gateway  
  16  0:43  Probe  
  16  0:48  Assimilator  
  17  0:52  Probe  
  18  1:05  Probe  
  19  1:17  Probe  
  19  1:18  Zealot  
  20  1:29  Probe  
  20  1:32  Pylon  
  23  1:33  Cybernetics Core  
  23  1:50  Probe  
  24  2:00  Adept  
  24  2:02  Probe  
  27  2:18  Nexus  
  28  2:22  Probe  
  28  2:29  Pylon  
  28  2:33  Adept  
  28  2:35  Probe  
  31  2:47  Probe  
  32  2:55  Stargate  
  32  2:58  Assimilator  
  32  2:59  Probe  
  33  3:11  Probe  
  34  3:21  Assimilator  
  34  3:23  Probe  
  35  3:31  Probe  
  36  3:35  Probe  
  35  3:43  Probe  
  35  3:46  Phoenix  
  35  3:47  Probe  
  37  3:56  Adept, Probe  
  37  3:59  Probe  
  37  4:01  Gateway  
  41  4:04  Oracle  
  41  4:08  Shield Battery, Probe  
  42  4:11  Probe  
  46  4:18  Adept  
  46  4:20  Probe  
  46  4:22  Shield Battery  
  49  4:28  Cybernetics Core  
  49  4:30  Probe  
  48  4:33  Probe  
  48  4:37  Phoenix  
  49  4:42  Probe  
  53  4:45  Probe  
  53  4:47  Assimilator  
  53  4:48  Pylon  
  53  4:54  Probe  
  53  4:59  Pylon  
  54  5:04  Stargate  
  54  5:06  Probe  
  57  5:10  Fleet Beacon  
  56  5:14  Probe  
  56  5:16  Warp Gate  
  56  5:18  Probe, Pylon  
  57  5:29  Probe  
  57  5:32  Probe  
  57  5:33  Adept  
  57  5:34  Zealot  
  63  5:36  Carrier  
  63  5:40  Carrier  
  63  5:41  Probe  
  64  5:45  Probe  
  64  5:46  Pylon  
  65  5:53  Probe  
  72  6:04  Pylon  
  75  6:08  Pylon  
  75  6:09  Pylon  
  75  6:14  Graviton Catapult  
  75  6:25  Pylon  
  75  6:28  Probe  
  76  6:53  Carrier  
  76  7:00  Carrier  
  76  7:01  Gateway  
  76  7:02  Gateway  
  76  7:04  Gateway  
  76  7:05  Robotics Facility  
  88  7:30  Nexus  
  88  7:32  Pylon  
  88  7:39  Stargate  
  88  7:42  Pylon  
  88  7:51  Shield Battery  
  88  7:52  Immortal  
  88  7:53  Shield Battery  
  92  8:03  Adept x4  
  100  8:08  Nexus  
  100  8:14  Void Ray  
  104  8:26  Void Ray  
  108  8:27  Adept x2  
  108  8:31  Warp Prism, Adept  
  116  8:40  Void Ray  
  120  8:53  Zealot  
  122  8:57  Probe  
  122  9:01  Probe  
  122  9:06  Shield Battery  
  122  9:15  Stalker x3  
Show
View Real Time Build Order
Export as new Build Order

Bly Zerg - Winner!

Build Orders: 3 Hatch before Pool 

Get SALT Encoding   

  12  0:01  Drone  
  13  0:12  Overlord  
  13  0:17  Drone  
  14  0:30  Drone  
  14  0:31  Drone  
  14  0:35  Drone  
  17  0:52  Hatchery  
  16  0:58  Drone  
  17  1:17  Hatchery  
  16  1:20  Drone  
  16  1:23  Drone  
  18  1:27  Drone  
  18  1:30  Extractor  
  18  1:44  Spawning Pool  
  18  1:45  Drone  
  18  1:49  Evolution Chamber  
  18  1:51  Drone  
  19  1:55  Drone  
  20  2:04  Drone  
  20  2:05  Drone  
  23  2:21  Overlord  
  23  2:26  Extractor  
  22  2:32  Queen  
  22  2:33  Zergling x6  
  22  2:34  Metabolic Boost  
  27  2:39  Queen  
  29  2:47  Hatchery  
  29  2:48  Extractor  
  29  2:50  Drone  
  29  2:52  Drone  
  29  2:55  Drone  
  31  2:59  Drone x2  
  31  3:01  Extractor  
  31  3:04  Spore Crawler  
  32  3:08  Drone  
  34  3:13  Overlord  
  34  3:16  Queen  
  37  3:23  Overlord  
  36  3:39  Zergling x2  
  36  3:40  Zergling x8  
  38  3:47  Spore Crawler  
  37  3:49  Drone  
  37  3:50  Drone x6  
  44  3:58  Zergling x2  
  44  4:02  Drone x2  
  47  4:05  Queen  
  47  4:07  Spore Crawler  
  48  4:11  Drone  
  48  4:12  Drone x2  
  51  4:23  Drone x3  
  51  4:24  Drone x5  
  55  4:37  Overlord x3  
  54  4:46  Spore Crawler  
  54  4:49  Spore Crawler  
  54  4:51  Overlord  
  54  4:52  Lair  
  52  4:53  Overlord  
  52  4:58  Drone  
  52  4:59  Drone x3  
  57  5:00  Drone  
  57  5:05  Drone x4  
  61  5:07  Drone  
  62  5:14  Overlord  
  62  5:15  Drone x2  
  62  5:16  Drone  
  62  5:18  Queen  
  67  5:21  Drone x2  
  67  5:22  Drone  
  67  5:28  Extractor, Drone x4  
  74  5:33  Drone x3  
  74  5:34  Drone x2  
  78  5:35  Extractor  
  78  5:36  Extractor  
  76  5:45  Drone x3  
  76  5:46  Drone  
  80  5:51  Hydralisk Den  
  80  5:52  Overseer  
  80  5:55  Hatchery  
  78  6:01  Drone x3  
  78  6:03  Baneling Nest  
  80  6:07  Zergling x20  
  90  6:14  Spine Crawler  
  89  6:23  Muscular Augments, Hydralisk  
  89  6:25  Overlord  
  90  6:34  Extractor, Queen x2  
  90  6:36  Extractor  
  92  6:41  Overlord, Hydralisk x2  
  92  6:42  Hydralisk  
  96  6:48  Overlord  
  96  6:51  Drone x10  
  96  6:52  Drone  
  104  7:00  Spire  
  103  7:06  Extractor  
  102  7:09  Overlord  
  102  7:10  Queen x2  
  102  7:11  Extractor, Overlord  
  105  7:17  Zergling x18  
  105  7:19  Overlord  
  114  7:28  Overlord  
  110  7:31  Hatchery  
  110  7:32  Drone  
  110  7:33  Drone x4  
  114  7:41  Drone  
  114  7:42  Overlord  
  115  7:46  Overlord  
  115  7:49  Overlord  
  115  7:54  Spore Crawler  
  112  8:03  Drone x3  
  112  8:11  Corruptor x11  
  133  8:17  Overlord  
  133  8:23  Corruptor x2  
  133  8:24  Corruptor  
  139  8:41  Hydralisk x5  
  139  8:43  Overlord  
  139  8:46  Baneling x4  
  149  8:51  Hydralisk x2  
  149  8:53  Overlord  
  153  9:05  Zergling x2  
  153  9:06  Zergling x6  
Tags
 
Add a new tag
Caveats
  • Supply blocks, unpowered buildings, or Contaminate may cause inaccurate times.
  • Supply counts are checked every 10 seconds.